Cogmind - Beta 11 @@@ ROGUE MODE // 2022.04.15 @ 03:26:37 Player: leiavoia Result: Destroyed by P-80 Master with Gamma Rifle Performance ------------- Evolutions (9) 4500 Regions Visited (25) 5000 Robots Destroyed (636) 3180 Value Destroyed (26267) 26267 Prototype IDs (72) 1440 Alien Tech Used (0) 0 Bonus (18182) 18182 TOTAL SCORE: 58569 Bonus ------- Triggered High Security 1000 High Alert Combat Kills 10089 Follower Combat Kills 2063 Entered DSFs 500 Network Hubs Disabled 200 Met Warlord at Base 500 MAIN.C Attacked Warlord 500 Warlord Defense Kill 2876 A7 Reached Mainframe 300 Met R17 at Cetus 500 Hacked Protovariant 500 Scanned by Researcher 500 Friendly Fire -1346 Cogmind --------- Core Integrity 0/1600 Matter 84/300 Energy 100/100 System Corruption 27% Temperature Cool (0) Movement Core (50) Location -1/Access Parts ------- > --- POWER (2) -------- (None) > --- PROPULSION (6) --- (None) > --- UTILITY (13) ----- (None) > --- WEAPON (4) ------- (None) > --- INVENTORY (5) ---- (None) Peak State ------------ > --- POWER ------------ Reinforced Antimatter Reactor Quantum Reactor > --- PROPULSION ------- Armored Medium Treads Armored Medium Treads Armored Heavy Treads Biometal Heavy Treads > --- UTILITY ---------- Advanced Cooling System Advanced Cooling System Cargo Storage Unit Advanced Energy Well Experimental Targeting Computer Medium Regenerative Plating SHELL Armor Thermal Barrier Advanced Drone Bay > --- WEAPON ----------- Disintegrator KE Penetrator Helical Railgun > --- INVENTORY -------- Reinforced Antimatter Reactor Quantum Reactor Quantum Reactor Biometal Heavy Treads Biometal Heavy Treads Advanced Power Amplifier Advanced Cooling System Particle Accelerator Layered Medium Armor Plating Light Regenerative Plating Medium Regenerative Plating Ghost Barrier High-powered Tractor Beam Enhanced Nova Cannon Null Cannon Improved Potential Cannon KE Penetrator KE Penetrator Helical Railgun Helical Railgun Linear Accelerator Compact Linear Accelerator Gamma Bomb Array Ragnarok Missile Launcher Containment Facilitator Thunder Hammer [Rating: 214] Favorites ----------- Power F-cell Engine Engine F-cell Engine Power Core Reinforced Fission Core Reactor Vortex Chain Reactor Propulsion Light Treads Treads Light Treads Leg Flexi-carbon Leg Wheel Armored Huge Wheel Hover Unit Cooled Airjet Utility Cargo Storage Unit Device Advanced Cooling System Storage Cargo Storage Unit Processor Enhanced Optical Array Hackware Hacking Suite Protection Centrium Medium Armor Plating Weapon Thunder Hammer Energy Gun Vortex Rifle Energy Cannon Neutron Cannon Ballistic Gun Advanced KE Penetrator Ballistic Cannon Flak Cannon Launcher Shock Bomb Launcher Impact Weapon Thunder Hammer Slashing Weapon Katana Piercing Weapon Spear Build | -11 -10 -9 -9 -8 -7 -7 -7 -7 -7 -6 -6 -5 -5 -5 -5 -5 -4 -4 -4 -4 -3 -3 -2 -2 -1 ------- Run | Scr Mat Mat Min Mat Fac Was Fac Low Low Fac DSF Fac Ext Cet Arc Hub Fac Upp Upp War Pro Res Res Tes Acc Slots Evolved 18 | . . 2 . 2 2 . . . . 2 . 2 . . . . 2 . . . . 2 2 . 2 Power 1 | . . . . . . . . . . . . 1 . . . . . . . . . . . . . Propulsion 4 | . . 1 . 1 . . . . . . . . . . . . 2 . . . . . . . . Utility 11 | . . 1 . 1 1 . . . . 2 . 1 . . . . . . . . . 2 2 . 1 Weapon 2 | . . . . . 1 . . . . . . . . . . . . . . . . . . . 1 Parts Attached 593 | 1 9 39 3 76 46 5 51 5 2 8 11 37 12 6 15 5 54 8 3 27 13 13 19 64 61 Power 38 | . 1 2 . 3 3 . 4 . 1 . 1 6 2 . . . 4 . 1 1 . . . 3 6 Engine 20 | . 1 2 . 3 3 . 3 . . . . 5 1 . . . 2 . . . . . . . . Core 6 | . . . . . . . . . 1 . 1 . 1 . . . 2 . 1 . . . . . . Reactor 12 | . . . . . . . 1 . . . . 1 . . . . . . . 1 . . . 3 6 Propulsion 102 | . 2 10 . 17 10 . 15 2 . 1 2 4 1 1 2 . 10 3 . 9 . 2 1 4 6 Treads 72 | . 2 7 . 17 10 . 5 1 . . 1 3 1 1 1 . 6 1 . 6 . 2 1 4 3 Leg 10 | . . 3 . . . . 1 . . . 1 . . . . . . . . 2 . . . . 3 Wheel 16 | . . . . . . . 5 1 . 1 . 1 . . 1 . 4 2 . 1 . . . . . Hover 4 | . . . . . . . 4 . . . . . . . . . . . . . . . . . . Flight . | . . . . . . . . . . . . . . . . . . . . . . . . . . Utility 225 | 1 3 12 1 16 20 1 16 2 1 3 3 17 6 5 12 3 23 3 1 12 6 5 10 20 23 Device 110 | 1 . 5 1 4 9 1 2 2 . . 2 9 3 1 8 . 15 2 . 6 6 2 6 10 15 Storage 16 | . 3 3 . 1 . . 2 . . . 1 1 . . . . 1 . . . . . 1 2 1 Processor 9 | . . . . . . . 2 . . 1 . . . 1 . . . . . 4 . 1 . . . Hackware 9 | . . . . . . . 1 . . . . 3 . . 4 . . . . . . . . . 1 Protection 81 | . . 4 . 11 11 . 9 . 1 2 . 4 3 3 . 3 7 1 1 2 . 2 3 8 6 Artifact . | . . . . . . . . . . . . . . . . . . . . . . . . . . Weapon 228 | . 3 15 2 40 13 4 16 1 . 4 5 10 3 . 1 2 17 2 1 5 7 6 8 37 26 Energy Gun 18 | . 2 3 . 6 1 . . . . . . . . . . . . . . 1 3 1 1 . . Energy Cannon 44 | . . . . 7 2 . 4 . . . . 4 2 . 1 . 3 . 1 4 2 . 2 6 6 Ballistic Gun 43 | . . . . 3 3 . 2 . . . 2 1 . . . 1 . 1 . . 1 1 3 17 8 Ballistic Cannon 44 | . 1 4 2 7 2 . 6 . . 3 . 2 . . . . 7 . . . . 3 . 5 2 Launcher 55 | . . 8 . 15 4 3 2 1 . . 2 1 . . . . 5 . . . . . 1 7 6 Special Weapon . | . . . . . . . . . . . . . . . . . . . . . . . . . . Impact Weapon 17 | . . . . . . . . . . . 1 2 1 . . 1 2 1 . . 1 1 1 2 4 Slashing Weapon 6 | . . . . 2 1 1 2 . . . . . . . . . . . . . . . . . . Piercing Weapon 1 | . . . . . . . . . . 1 . . . . . . . . . . . . . . . Special Melee Weapon . | . . . . . . . . . . . . . . . . . . . . . . . . . . Unidentified Prototypes 46 | . . . . 3 2 2 2 . . 1 1 2 . 2 1 1 . . . 9 3 2 3 9 3 Corrupted Parts 14 | . . . . . . . . . . . . . . 1 3 1 2 . . . . . . 7 . System Corruption 83 | . . . . . . . . . . . . . . 3 12 6 15 . . . . . . 47 . Parts Lost 120 | . 1 5 . 5 13 8 16 1 1 . 6 . . . . . 20 3 . . 1 1 . 7 32 Power 12 | . 1 . . 1 1 . 2 . . . 1 . . . . . 2 . . . . . . 1 3 Propulsion 39 | . . 4 . 2 5 3 3 1 1 . 2 . . . . . 6 2 . . . 1 . 1 8 Utility 41 | . . 1 . 2 4 2 7 . . . . . . . . . 4 1 . . 1 . . 5 14 Weapon 28 | . . . . . 3 3 4 . . . 3 . . . . . 8 . . . . . . . 7 Highest Loss Streak 12 | . 1 2 . 2 6 8 12 1 1 . 5 . . . . . 11 2 . . 1 1 . 4 11 To Critical Strikes 3 | . . . . . 1 . . 1 . . . . . . . . . . . . . . . 1 . Average Slot Usage (%) 83 | . 99 99 100 99 95 66 79 66 81 78 71 75 75 76 80 82 79 80 84 85 83 79 60 57 62 Engine 5 | . 13 11 11 8 6 5 5 . . . . 8 10 5 5 5 4 5 3 . . . . . . Core 1 | . . . . . . . . . 3 6 6 1 . 5 5 5 5 5 6 7 . . . . . Reactor 1 | . . . . . . . . 7 3 . . . . . . . . . . 1 5 4 4 4 6 Treads 18 | . 27 30 33 35 28 20 2 11 15 8 5 6 11 9 8 5 13 10 15 16 31 25 11 6 11 Wheel 3 | . . . . . . . 15 15 12 11 10 4 5 5 1 5 3 8 5 8 . . . . . Device 8 | . 14 9 11 9 10 11 2 . 12 5 2 4 5 7 16 11 11 6 5 8 9 8 10 12 11 Storage 7 | . 14 12 11 9 7 5 6 7 7 6 8 5 5 5 5 5 5 5 5 5 5 4 4 5 4 Processor 3 | . . . . . . . 4 . . 4 6 5 5 8 5 5 3 . . 3 10 11 8 5 3 Protection 11 | . . 10 11 17 17 4 9 7 9 13 7 5 8 7 5 6 15 22 26 15 5 8 8 7 11 Energy Gun 2 | . 15 7 . 2 . . . . . . . . . . . . . . . 1 7 5 . . . Energy Cannon 3 | . . . . 2 6 . 7 . . . . 6 10 11 11 10 4 . 5 4 5 . 3 1 . Ballistic Gun 2 | . . . . . 4 . 1 . . . 3 4 . . . . 3 5 5 5 1 4 3 6 6 Ballistic Cannon 5 | . 12 9 22 6 3 . 5 7 7 6 12 . 5 5 5 5 2 6 . . . . . 1 3 Launcher 1 | . . 5 . 5 3 16 . 7 7 5 . . . . . . 2 . . . . . . . . Impact Weapon 1 | . . . . . . . . . . . 2 3 . . . . 1 3 5 4 . . 3 1 . Naked Turns 39 | . . . . . . 1 . . . . . . . . . . . . . . . . . . 38 Heaviest Build 432 | 14 51 95 71 81 102 74 198 170 179 225 225 224 237 243 221 223 244 232 237 244 239 253 423 432 276 Greatest Support 600 | 20 40 60 60 84 84 80 100 33 33 49 40 28 28 28 160 28 217 50 16 152 152 189 600 600 225 Greatest Overweight (x) 14 | . 1 1 1 1 1 . 14 7 8 8 7 7 8 8 7 7 11 14 14 14 1 1 1 1 7 Average Overweight (x) 3 | . . . 1 . . . 2 6 5 4 5 6 8 7 3 7 5 11 14 7 1 1 . . . Largest Inventory Capacity 30 | 8 20 20 20 20 20 20 30 30 30 30 30 30 30 30 30 30 30 30 30 30 30 30 30 30 30 Average Capacity 26 | 8 17 20 20 20 20 16 24 30 30 30 30 30 30 30 30 30 30 30 30 30 30 30 30 30 26 Most Carried 30 | 7 20 20 20 20 20 19 30 25 26 28 30 30 30 30 30 30 30 23 29 30 30 30 30 30 30 Average Carried 24 | 6 15 19 19 19 19 15 21 23 25 25 27 29 29 29 29 28 28 21 25 29 29 29 29 28 23 Final Capacity 30 | 8 20 20 20 20 20 5 30 30 30 30 30 30 30 30 30 30 30 30 30 30 30 30 30 30 30 Final Carried 30 | 7 20 20 20 20 20 5 24 25 26 25 30 30 30 28 30 28 26 24 29 30 30 30 30 30 28 Class Distribution -------------------- 35% | Scavenger-Mutant 21% | Hauler-Mutant 18% | Mutant 12% | Scavenger-Tank 8% | Hauler-Tank Dominant Class ---------------- Mutant | -10/Materials Mutant | -9/Materials Mutant | -9/Mines Scavenger-Mutant | -8/Materials Mutant | -7/Factory Tank | -7/Waste Hauler-Mutant | -7/Factory Hauler-Mutant | -7/Lower Caves Hauler-Mutant | -7/Lower Caves Hauler-Mutant | -6/Factory Hauler-Mutant | -6/DSF Hauler-Mutant | -5/Factory Hauler-Tank | -5/Extension Hauler-Tank | -5/Cetus Hauler-Mutant | -5/Archives Scavenger-Mutant | -5/Hub_04(d) Scavenger-Mutant | -4/Factory Scavenger-Mutant | -4/Upper Caves Scavenger-Mutant | -4/Upper Caves Scavenger-Mutant | -4/Warlord Scavenger-Tank | -3/Proximity Caves Scavenger-Tank | -3/Research Scavenger-Mutant | -2/Research Scavenger-Tank | -2/Testing Scavenger-Tank | -1/Access Resources | -11 -10 -9 -9 -8 -7 -7 -7 -7 -7 -6 -6 -5 -5 -5 -5 -5 -4 -4 -4 -4 -3 -3 -2 -2 -1 ----------- Run | Scr Mat Mat Min Mat Fac Was Fac Low Low Fac DSF Fac Ext Cet Arc Hub Fac Upp Upp War Pro Res Res Tes Acc Matter Collected 17703 | 210 239 1315 346 2261 1056 514 1048 452 153 . 457 656 605 188 283 114 1987 311 311 436 223 146 269 2271 1852 Remotely 5084 | . . 102 . 166 530 514 . . . . 330 412 . . . . 1180 . . . . . . 435 1415 Salvage Created 27066 | 94 437 2079 284 2885 1463 707 767 50 159 . 374 1779 676 110 402 261 3631 137 149 649 848 318 187 5237 3383 Parts 1191 | 4 32 153 20 187 68 . 49 2 7 . 16 53 25 4 28 21 139 1 5 23 34 12 . 178 130 Haulers Intercepted 18 | . 1 5 . 6 . . 4 . . . . 2 . . . . . . . . . . . . . Recyclers Shooed 13 | . 1 2 . 1 2 . . . . . . 1 . . . 1 2 . . . . . 1 1 1 Parts Field Recycled . | . . . . . . . . . . . . . . . . . . . . . . . . . . Retrieved Matter . | . . . . . . . . . . . . . . . . . . . . . . . . . . Parts Self-Destructed 153 | . . . . . . . . 4 9 . . . . . . . . 1 5 101 33 . . . . Prevented 7 | . . . . . . . . . 5 . . . . . . . . . . 1 1 . . . . Kills | -11 -10 -9 -9 -8 -7 -7 -7 -7 -7 -6 -6 -5 -5 -5 -5 -5 -4 -4 -4 -4 -3 -3 -2 -2 -1 ------- Run | Scr Mat Mat Min Mat Fac Was Fac Low Low Fac DSF Fac Ext Cet Arc Hub Fac Upp Upp War Pro Res Res Tes Acc Combat Hostiles Destroyed 445 | . 12 51 10 50 24 4 16 1 5 . 10 19 11 2 2 3 62 3 4 20 22 6 . 57 51 Melee 4 | . . . . . . . 2 . . . . 1 . . . . . . . . . 1 . . . Guns 83 | . 6 9 . 3 3 . 2 . . . 2 2 . . . . 6 2 2 3 10 5 . 14 14 Cannons 174 | . 6 25 9 21 7 . 7 . 1 . 4 13 10 1 2 3 20 1 2 17 12 . . 6 7 AOE 158 | . . 16 . 24 13 4 5 1 4 . 4 2 . . . . 34 . . . . . . 21 30 Classes Destroyed 26 | 2 5 6 . 2 1 1 1 . . . 1 . 1 . . . . . 1 2 . . . 3 . Worker 41 | . 2 4 1 9 5 . 3 . . . . 2 1 . . 1 5 . . . . . . 6 2 Builder 64 | . . 1 . 11 3 . 4 . . . . 2 2 . . 1 22 . . . . . . 10 8 Tunneler 11 | 1 . 2 1 4 . . . . . . . . . . . . 2 . . . . . . . 1 Hauler 18 | . 1 5 . 6 . . 4 . . . . 2 . . . . . . . . . . . . . Recycler 33 | 1 . 5 2 6 1 . 1 . . . . 5 . . . . 5 . . . . . 1 5 1 Mechanic 11 | . . 1 . . 1 . . . . . . 1 . . . . 2 . . 1 . . 1 2 2 Operator 12 | . . 1 . 1 . . . . . . . 1 . . 8 . 1 . . . . . . . . Watcher 23 | . 3 5 . 5 . . 2 . . . . 2 2 . . . 1 . . . . . . 1 2 Swarmer 58 | . 6 11 8 . 4 . . . 3 . 4 . . . . 1 . . 4 3 6 3 . 5 . Saboteur 2 | . . . . . . . . . . . . . . . . . . . . . . . . 1 1 Grunt 201 | . 6 30 1 29 10 . 4 . 2 . 5 10 6 . . . 24 3 . 5 10 . . 28 28 Brawler 28 | . . 1 1 5 2 . . . . . . 1 1 . . . 8 . . 3 2 . . 1 3 Duelist 18 | . . . . 2 1 . . . . . . 1 . . . . 5 . . 2 1 . . 2 4 Protector 10 | . . 1 . 4 . . 1 . . . . . . . . . 3 . . 1 . . . . . Researcher 3 | . . . . . . . . . . . . . . . . . . . . . . . . 3 . Sentry 30 | . . 8 . 7 4 . 2 . . . . . 3 . 2 1 1 . . . 1 1 . . . Specialist 3 | . . . . . . . 1 . . . . . . . . . . . . . . . . . 2 Hunter 39 | . . . . 3 1 . 4 1 . . . . . . . 1 13 . . 3 . . . 11 2 Programmer 40 | . . . . . 2 . 4 . . . . 7 . . . . 8 . . . 2 2 . 7 8 Heavy 2 | . . . . . . . . . . . 1 . . . . . . . . . . . . . 1 Q-Series 4 | . . . . . . . . . . . . . . . . . . . . . . . . 2 2 Behemoth 1 | . . . . . . . . . . . . . 1 . . . . . . . . . . . . Compactor 4 | . . . . . . 4 . . . . . . . . . . . . . . . . . . . Cetus Guard 2 | . . . . . . . . . . . . . . 2 . . . . . . . . . . . Enhanced Grunt 1 | . . . . . . . . . . . . . . . . 1 . . . . . . . . . Investigator 1 | . . . . . . . . . . . . . . . . . . . . . . . . . 1 Striker 1 | . . . . . . . . . . . . . . . . . . . . 1 . . . . . Executioner 3 | . . . . . . . . . . . . . . . . . . . . 3 . . . . . Samaritan 1 | . . . . . . . . . . . . . . . . . . . 1 . . . . . . Thug 2 | . . . 1 . . 1 . . . . . . . . . . . . . . . . . . . Best Kill Streak 36 | 2 4 12 6 11 9 3 12 1 3 . 4 6 3 2 2 3 23 1 4 14 5 3 1 36 23 Combat Bots Only 24 | . 3 10 4 10 7 3 5 1 3 . 4 4 2 2 1 2 14 1 4 13 5 3 . 24 19 Max Kills in Single Turn 6 | 1 1 4 2 2 2 1 6 1 1 . 4 2 1 1 1 2 6 1 1 2 1 1 1 4 5 Gunslinging . | . . . . . . . . . . . . . . . . . . . . . . . . . . Exploded 5 | . . 4 . 2 2 1 3 1 1 . 4 1 . . . . 5 . . . . . . 3 5 Melee 1 | . . . . . . . 1 . . . . 1 . . . . . . . . . 1 . . . Uniques/NPCs Destroyed . | . . . . . . . . . . . . . . . . . . . . . . . . . . Combat | -11 -10 -9 -9 -8 -7 -7 -7 -7 -7 -6 -6 -5 -5 -5 -5 -5 -4 -4 -4 -4 -3 -3 -2 -2 -1 -------- Run | Scr Mat Mat Min Mat Fac Was Fac Low Low Fac DSF Fac Ext Cet Arc Hub Fac Upp Upp War Pro Res Res Tes Acc Damage Taken 43321 | . 373 1472 213 2607 2392 501 4448 18 451 . 1375 2107 696 95 41 325 6846 915 330 844 962 483 . 5700 10127 Core 3323 | . 24 143 20 147 89 52 307 . 78 . 21 123 46 . . . 205 87 14 56 44 34 . 224 1609 Absorbed by Shields 6103 | . . . . . . . . . . . . 27 253 34 15 . 526 . . 807 681 413 . 1762 1585 Reduced by Siege Mode 489 | . . . . . . . . . . . . . . . . . 79 . . . . . . 129 281 Redirected to Shielding 179 | . . . . . . . 105 . . . . . . . . . . . . . . . . . 74 Regen/Repaired (Parts) 2391 | . . 111 . 153 . . 157 . . . . 680 . . . . 248 . . . . . . 636 406 Core Remaining (%) 77 | 100 90 . 59 73 . . . . 24 . 97 . . . . 83 . . . . 64 97 . 84 . Volleys Fired 1273 | 6 41 153 22 173 70 18 66 2 13 . 22 53 69 11 67 17 150 24 8 33 44 15 1 98 97 Largest 4 | 2 2 2 2 2 3 3 3 2 2 . 3 3 3 3 3 3 3 3 2 3 3 3 1 3 4 Hottest 245 | 90 85 130 88 140 160 102 177 84 84 . 144 245 245 240 240 232 212 153 120 235 213 166 70 228 200 Shots Fired 2561 | 12 78 279 44 305 131 45 145 4 25 . 49 124 152 25 77 32 276 49 16 97 105 33 1 251 206 Gun 796 | 12 37 87 . 50 40 . 20 . . . 10 34 . . . . 63 25 8 35 56 31 . 173 115 Cannon 1481 | . 41 159 44 191 62 . 122 2 13 . 37 90 152 25 77 32 174 24 8 62 49 2 1 47 67 Launcher 284 | . . 33 . 64 29 45 3 2 12 . 2 . . . . . 39 . . . . . . 31 24 Special . | . . . . . . . . . . . . . . . . . . . . . . . . . . Kinetic 1393 | . 41 159 44 154 57 . 98 2 13 . 47 51 62 11 13 12 149 49 8 33 6 18 1 206 159 Thermal 718 | 12 37 87 . 87 45 . 44 . . . . 73 90 14 64 20 57 . 8 2 28 13 . 14 23 Explosive 158 | . . 8 . 36 14 45 3 . . . 1 . . . . . 28 . . . . . . 8 15 Electromagnetic 158 | . . 25 . 28 15 . . 2 12 . 1 . . . . . 42 . . . 2 . . 23 8 Entropic 133 | . . . . . . . . . . . . . . . . . . . . 62 69 2 . . . Robot Hit Streak 25 | 5 8 11 4 12 19 9 10 2 4 . 6 9 9 4 7 4 12 8 9 15 16 8 9 25 16 Robot Miss Streak 11 | 3 2 8 11 6 5 2 7 2 4 . 6 4 6 3 4 3 7 4 4 6 2 2 . 5 3 Penetration Max 2 | . . . . . . . 1 . . . . . . 1 . . 1 . . 1 . 1 . 2 1 Secondary Targets 5 | . . . . . . . . . . . . . . . . . . . . . 2 1 . 2 . Max Gunslinging Chain 1 | . . . . . . . . . . . . . . . . . . . . . 1 1 . 1 . Shots Hit Robots 1723 | 7 46 217 38 215 84 34 92 2 12 . 32 93 87 15 43 14 168 28 8 61 63 25 3 187 149 Core Hits 1533 | 3 23 183 37 184 63 17 99 2 7 . 28 55 28 6 19 11 356 5 4 26 34 12 . 199 132 Critical Kills 23 | . . . . 1 1 . . . . . . 1 1 1 2 . 5 1 . 3 . . . 6 1 Critical Parts Destroyed 28 | . . . . . . . . . . . 1 3 . . . . 6 4 2 3 . . . 6 3 Critical Strikes 141 | . 7 5 . 4 1 . 4 . 1 . 3 7 11 2 4 . 20 9 2 34 4 2 . 15 6 Burn 4 | . 2 . . . . . . . . . . . . . . . . . . . . 2 . . . Meltdown 8 | . . . . . 1 . . . . . . 1 1 1 2 . . . . . . . . 2 . Destroy 37 | . . . . 1 . . . . . . . . . . . . 11 4 2 6 . . . 9 4 Blast 53 | . 5 5 . 3 . . 4 . 1 . 2 3 10 1 2 . 8 4 . . . . . 3 2 Smash 7 | . . . . . . . . . . . 1 3 . . . . 1 1 . . . . . 1 . Sunder 32 | . . . . . . . . . . . . . . . . . . . . 28 4 . . . . Melee Attacks 130 | . . . . 9 11 . 19 . . 5 8 27 2 . . 3 7 3 7 2 1 5 3 14 4 Impact 86 | . . . . . . . . . . . 8 27 2 . . 3 7 3 7 2 1 5 3 14 4 Slashing 39 | . . . . 9 11 . 19 . . . . . . . . . . . . . . . . . . Piercing 5 | . . . . . . . . . . 5 . . . . . . . . . . . . . . . Sneak Attacks 33 | . . . . 9 4 . 3 . . . . 7 . . . . 3 1 1 . . . 2 3 . Combat Hostiles . | . . . . . . . . . . . . . . . . . . . . . . . . . . Follow-up Attacks . | . . . . . . . . . . . . . . . . . . . . . . . . . . Damage Inflicted 91491 | 85 748 4383 625 7678 3372 3944 3950 40 444 . 993 4260 3379 573 1467 733 16091 1078 332 5448 3179 947 296 13485 13961 Guns 15630 | 85 314 1103 . 859 509 . 275 . . . 195 503 . . . . 1096 391 102 605 1740 761 . 4628 2464 Cannons 32233 | . 425 2007 625 2791 1037 . 1839 . 170 . 549 2425 3312 573 1467 580 3946 418 120 4843 1439 . 46 963 2658 Explosions 39471 | . . 1273 . 3407 1510 3944 1325 40 274 . 176 314 67 . . 149 10683 . . . . . . 7476 8833 Melee 3920 | . . . . 621 305 . 388 . . . 73 1018 . . . . 366 269 110 . . 186 250 334 . Ramming 237 | . 9 . . . 11 . 123 . . . . . . . . 4 . . . . . . . 84 6 Kinetic 25355 | . 425 2007 625 2257 805 . 1516 . 170 . 744 1006 1157 298 318 190 2773 809 102 583 48 397 46 5407 3672 Thermal 19828 | 85 314 1138 . 1534 894 . 598 . 44 . . 2236 2222 275 1149 390 2239 . 120 22 386 270 . 879 5033 Explosive 26054 | . . 481 . 2320 697 3944 1325 . . . 170 . . . . . 9162 . . . . . . 3334 4621 Electromagnetic 8453 | . . 757 . 946 660 . . 40 230 . 6 . . . . 149 1551 . . . 38 . . 3447 629 Impact 2606 | . . . . . . . . . . . 73 1018 . . . . 366 269 110 . . 186 250 334 . Slashing 1314 | . . . . 621 305 . 388 . . . . . . . . . . . . . . . . . . Piercing . | . . . . . . . . . . . . . . . . . . . . . . . . . . Entropic 7644 | . . . . . . . . . . . . . . . . . . . . 4843 2707 94 . . . Highest Corruption 69 | . . 1 1 3 13 27 31 31 31 . . 8 4 7 15 7 22 22 22 22 2 3 . 69 27 Average Corruption 9 | . . 1 1 2 5 21 28 31 31 . . 3 3 4 6 1 6 22 22 22 2 2 . 12 10 Corruption Purged 27 | . . . . . . . . . . . . 8 . . 19 . . . . . . . . . . Corruption Blocked 59 | . . . . . . . . . . . . . . . . . . . . 8 . . 31 20 . Effects 616 | . . 12 7 36 43 12 106 43 16 . . 28 42 12 12 1 45 53 38 5 18 6 . 53 28 Message Errors 141 | . . 2 2 9 8 3 19 13 6 . . 5 10 4 3 . 14 14 7 1 2 2 . 10 7 Matter Fused 161 | . . 3 3 14 12 2 26 15 . . . 4 9 3 5 1 8 15 9 . 8 . . 16 8 Heat Flow Errors 62 | . . 1 . 2 9 1 12 3 3 . . 5 1 . 1 . 4 7 6 1 1 . . 4 1 Energy Discharges 67 | . . 2 1 . 6 1 10 3 4 . . 6 7 2 . . 5 2 8 2 1 . . 6 1 Parts Rejected 11 | . . . . 2 . . 3 . . . . 1 3 . . . . 1 . . . . . . 1 Data Loss (minor) 74 | . . 2 1 4 3 1 11 5 1 . . 5 6 1 3 . 7 6 5 1 2 3 . 5 2 Data Loss (major) 17 | . . . . 1 1 1 3 2 . . . 1 2 . . . 1 1 2 . 1 . . . 1 Misfires 29 | . . 2 . 2 1 . 7 1 . . . 1 2 2 . . 1 3 . . 2 1 . 2 2 Alerts 16 | . . . . 2 1 1 3 . 2 . . . . . . . 2 . 1 . 1 . . 3 . Misdirections 13 | . . . . . 1 . 7 . . . . . . . . . . 2 . . . . . . 3 Weapon Failures 25 | . . . . . 1 2 5 1 . . . . 2 . . . 3 2 . . . . . 7 2 Overload Shots . | . . . . . . . . . . . . . . . . . . . . . . . . . . Overflow Damage 4426 | . . 25 6 142 129 59 77 . . . 35 598 49 13 69 11 504 122 109 369 121 . 206 431 1351 Projectiles 1379 | . . . 6 36 15 . 7 . . . . 45 49 13 69 11 114 3 . 369 121 . 26 95 400 Explosions 1475 | . . 25 . 45 60 59 18 . . . . . . . . . 84 . . . . . . 233 951 Melee 1572 | . . . . 61 54 . 52 . . . 35 553 . . . . 306 119 109 . . . 180 103 . Knockbacks 182 | . 4 22 22 35 3 . 21 . 3 . 6 10 1 . 1 3 15 8 . . . 1 2 15 10 Impact 13 | . . . . . . . 2 . . . 1 2 . . . . 1 2 . . . 1 2 2 . Kinetic 153 | . 4 18 20 35 3 . 19 . 3 . 5 5 1 . 1 2 12 6 . . . . . 9 10 Secondary 16 | . . 4 2 . . . . . . . . 3 . . . 1 2 . . . . . . 4 . Self-Inflicted Damage 3611 | . . 26 . 106 211 357 237 . 89 . 30 124 . . . 102 440 . . . . . . 651 1238 Shots 130 | . . 2 . 8 6 11 10 . 7 . 3 2 . . . 1 19 . . . . . . 40 21 Rammed 24 | . 1 . . . 2 . 12 . . . . . . . . 1 . . . . . . . 7 1 Targets Rammed 27 | . 1 . . . 3 . 14 . . . . . . . . 1 . . . . . . . 7 1 Kicked . | . . . . . . . . . . . . . . . . . . . . . . . . . . Crushed 3 | . . . . . 1 . 2 . . . . . . . . . . . . . . . . . . Highest Temperature 566 | 180 319 342 197 334 303 258 480 273 323 . . 274 96 156 384 48 468 301 379 199 195 199 165 566 351 Average Temperature 95 | 92 92 74 74 85 92 46 173 99 132 . . 90 12 71 100 20 160 102 154 116 89 86 18 47 126 Received Heat Transfer 8510 | . 186 624 18 1233 591 . 978 . 72 . 498 507 216 6 . . 678 322 . 41 108 20 . 621 1791 Effects 49 | . . 1 . 5 . . 18 . . . . . . . . . 13 1 . . . . . 9 2 Shutdowns 9 | . . . . . . . 6 . . . . . . . . . 3 . . . . . . . . Energy Bleed 3 | . . . . 1 . . . . . . . . . . . . 1 1 . . . . . . . Interference 14 | . . 1 . 3 . . 1 . . . . . . . . . 7 . . . . . . . 2 Matter Decay 5 | . . . . 1 . . 3 . . . . . . . . . 1 . . . . . . . . Short Circuit 2 | . . . . . . . 1 . . . . . . . . . 1 . . . . . . . . Damage (minor) 2 | . . . . . . . 2 . . . . . . . . . . . . . . . . . . Damage (major) 13 | . . . . . . . 5 . . . . . . . . . . . . . . . . 8 . Damage (core) 1 | . . . . . . . . . . . . . . . . . . . . . . . . 1 . Siege Activations 9 | . . . . . . . . . . . . . . . . . 1 . . . . . . 5 3 Total Turns 210 | . . . . . . . . . . . . . . . . . 30 . . . . . . 114 66 Longest Duration 43 | . . . . . . . . . . . . . . . . . 30 . . . . . . 31 43 Robots Corrupted 22 | . . 1 . 2 . . . . . . . . . . . . 3 . . . . . . 15 1 Combat Hostiles 19 | . . 1 . 2 . . . . . . . . . . . . 2 . . . . . . 14 . Parts Fried 72 | . . 4 . 2 1 . . . . . . 13 . . . . 16 . 1 . . . 2 30 3 Impact Corruptions 43 | . . . 1 . . . 2 . . . 1 14 . . . . 9 3 2 . . . 6 5 . Robots Melted 8 | . . . . . 1 . . . . . . 1 1 1 2 . . . . . . . . 2 . Combat Hostiles 6 | . . . . . 1 . . . . . . 1 1 1 . . . . . . . . . 2 . Parts Melted 42 | 1 5 . . 1 5 . 3 . . . . 2 2 1 3 . . . . . . 1 . 14 4 Heat Transferred 20971 | 235 1036 1410 . 2896 1492 . 755 . 50 . . 1450 2018 398 1724 296 850 . 148 50 520 650 . 998 3995 Parts Sabotaged 7 | . . . . . . . . . . . . . . . . . 1 . . . . . . . 6 Parts Stolen . | . . . . . . . . . . . . . . . . . . . . . . . . . . Parts Stripped . | . . . . . . . . . . . . . . . . . . . . . . . . . . Power Chain Reactions 37 | . . 4 . 5 3 . . . 1 . . 2 1 . . . 5 . . . . . . 12 4 Missiles Intercepted . | . . . . . . . . . . . . . . . . . . . . . . . . . . Alert | -11 -10 -9 -9 -8 -7 -7 -7 -7 -7 -6 -6 -5 -5 -5 -5 -5 -4 -4 -4 -4 -3 -3 -2 -2 -1 ------- Run | Scr Mat Mat Min Mat Fac Was Fac Low Low Fac DSF Fac Ext Cet Arc Hub Fac Upp Upp War Pro Res Res Tes Acc Peak Influence 2709 | 10 160 1167 654 1155 837 280 299 . . 127 289 390 612 787 523 659 2167 . . . . 161 64 2037 2709 Initial 1221 | . 6 67 444 96 525 235 140 . . 123 88 151 169 342 234 112 322 . . . . 57 24 . 1221 Average 433 | 6 47 561 417 466 559 246 97 . . 125 218 144 308 530 392 275 957 . . . . 89 17 580 1853 Maximum Alert Level 5 | . . 4 2 4 3 1 1 . . . 1 1 2 3 2 2 5 . . . . . . 5 5 Low Security (%) 38 | 100 100 21 . 30 . . 78 . . 100 44 85 16 . . 47 . . . . . 100 100 30 . Level 1 24 | . . 34 45 19 2 100 21 . . . 55 14 62 36 56 33 36 . . . . . . 19 . Level 2 17 | . . 2 54 19 84 . . . . . . . 20 42 43 19 8 . . . . . . 28 . Level 3 8 | . . 24 . 26 13 . . . . . . . . 21 . . 12 . . . . . . 1 . Level 4 5 | . . 17 . 4 . . . . . . . . . . . . 20 . . . . . . 5 43 Level 5 1 | . . . . . . . . . . . . . . . . . 11 . . . . . . 14 3 High Security 2 | . . . . . . . . . . . . . . . . . 9 . . . . . . . 52 Max Security . | . . . . . . . . . . . . . . . . . . . . . . . . . . Sterilizations 3 | . . 1 . 1 . . . . . . 1 . . . . . . . . . . . . . . Squads Dispatched 130 | . 3 10 . 9 10 . 8 . . 1 1 6 6 . . 4 25 . . . . 2 2 23 20 Investigation 24 | . 1 7 . 1 2 . 3 . . 1 . . 4 . . 1 2 . . . . . . 2 . Extermination 19 | . . . . . 2 . 3 . . . . 3 . . . . 3 . . . . 1 . 6 1 Reinforcement 50 | . 2 1 . 4 4 . 2 . . . 1 3 2 . . 3 9 . . . . 1 2 12 4 Assault 37 | . . 2 . 4 2 . . . . . . . . . . . 11 . . . . . . 3 15 Garrison . | . . . . . . . . . . . . . . . . . . . . . . . . . . Intercept . | . . . . . . . . . . . . . . . . . . . . . . . . . . Searches Triggered . | . . . . . . . . . . . . . . . . . . . . . . . . . . Construction Impeded 23 | . . 1 . 3 1 . 2 . . . . 1 1 . . 1 7 . . . . . . 4 2 Haulers Reinforced 2 | . . . . . . . . . . . . 1 . . . . . . . . . . 1 . . Active Scanning Responses . | . . . . . . . . . . . . . . . . . . . . . . . . . . Cargo Convoy Interrupts 1 | . . . . . . . 1 . . . . . . . . . . . . . . . . . . Stealth | -11 -10 -9 -9 -8 -7 -7 -7 -7 -7 -6 -6 -5 -5 -5 -5 -5 -4 -4 -4 -4 -3 -3 -2 -2 -1 --------- Run | Scr Mat Mat Min Mat Fac Was Fac Low Low Fac DSF Fac Ext Cet Arc Hub Fac Upp Upp War Pro Res Res Tes Acc Distress Signals 44 | . 2 4 . 5 2 . 2 . . . . . 5 1 . 1 1 . . 2 . . 10 4 5 Communications Jammed . | . . . . . . . . . . . . . . . . . . . . . . . . . . Distress Signals . | . . . . . . . . . . . . . . . . . . . . . . . . . . Times Spotted 760 | . 20 74 11 70 41 6 46 1 9 . 10 29 40 14 31 12 94 3 5 35 22 10 3 80 94 Peak Tracking Total 21 | . 4 7 4 6 7 3 15 1 3 . 4 4 6 5 1 5 9 2 4 12 5 3 1 10 21 Tactical Retreats 26 | . 1 2 1 1 1 . 5 . . . . 1 2 . . . 3 1 1 . . 1 . 3 3 Traps | -11 -10 -9 -9 -8 -7 -7 -7 -7 -7 -6 -6 -5 -5 -5 -5 -5 -4 -4 -4 -4 -3 -3 -2 -2 -1 ------- Run | Scr Mat Mat Min Mat Fac Was Fac Low Low Fac DSF Fac Ext Cet Arc Hub Fac Upp Upp War Pro Res Res Tes Acc Traps Triggered 30 | . 1 6 . 2 2 . 2 . 1 1 . 3 1 . . . 2 . . . . . . 2 7 Indirectly 12 | . . 2 . 2 . . . . 1 . . . . . . . . . . . . . . . 7 Trap Hack Attempts . | . . . . . . . . . . . . . . . . . . . . . . . . . . Triggered . | . . . . . . . . . . . . . . . . . . . . . . . . . . Disarmed . | . . . . . . . . . . . . . . . . . . . . . . . . . . Reprogrammed 6 | . 6 . . . . . . . . . . . . . . . . . . . . . . . . Reused . | . . . . . . . . . . . . . . . . . . . . . . . . . . Traps Extracted . | . . . . . . . . . . . . . . . . . . . . . . . . . . Installed . | . . . . . . . . . . . . . . . . . . . . . . . . . . Triggered 23 | . . . . . . . . . . . . . . . . . 1 1 . 21 . . . . . Machines | -11 -10 -9 -9 -8 -7 -7 -7 -7 -7 -6 -6 -5 -5 -5 -5 -5 -4 -4 -4 -4 -3 -3 -2 -2 -1 ---------- Run | Scr Mat Mat Min Mat Fac Was Fac Low Low Fac DSF Fac Ext Cet Arc Hub Fac Upp Upp War Pro Res Res Tes Acc Machines Disabled 63 | . . 5 . 3 4 . 4 . . . 1 2 8 2 4 8 7 . . . . . . 14 1 Max in Single Turn 6 | . . 1 . 1 1 . 2 . . . 1 1 1 1 1 6 4 . . . . . . 4 1 Garrison Access 3 | . . . . 1 . . . . . . . . . . . . . . . . . 1 1 . . Network Hub 1 | . . . . . . . . . . . . . . . . 1 . . . . . . . . . Machines Sabotaged . | . . . . . . . . . . . . . . . . . . . . . . . . . . Garrisons Compromised . | . . . . . . . . . . . . . . . . . . . . . . . . . . Overloaded Fab Kills . | . . . . . . . . . . . . . . . . . . . . . . . . . . Hacking | -11 -10 -9 -9 -8 -7 -7 -7 -7 -7 -6 -6 -5 -5 -5 -5 -5 -4 -4 -4 -4 -3 -3 -2 -2 -1 --------- Run | Scr Mat Mat Min Mat Fac Was Fac Low Low Fac DSF Fac Ext Cet Arc Hub Fac Upp Upp War Pro Res Res Tes Acc Machines Accessed 93 | . 6 12 1 10 10 . 8 . . 2 . 10 15 1 . 1 5 . . 1 . 3 1 6 1 Terminals 61 | . 6 8 . 5 8 . 5 . . 1 . 3 14 1 . 1 3 . . . . . 1 5 . Fabricators 5 | . . . . . . . 2 . . 1 . 2 . . . . . . . . . . . . . Repair Stations 10 | . . 1 . 2 . . 1 . . . . 3 1 . . . 1 . . . . . . 1 . Recycling Units 9 | . . 2 . 1 2 . . . . . . 1 . . . . 1 . . . . 1 . . 1 Scanalyzers 4 | . . 1 . 1 . . . . . . . 1 . . . . . . . . . 1 . . . Garrison Access 2 | . . . . 1 . . . . . . . . . . . . . . . . . 1 . . . Total Hacks 255 | . 16 47 1 29 24 . 22 . . 4 . 24 37 1 . 4 14 . . 1 . 4 4 20 3 Successful 137 | . 10 29 1 21 10 . 11 . . 3 . 19 12 1 . 1 5 . . 1 . 2 1 10 . Failed 115 | . 5 17 . 7 14 . 11 . . 1 . 5 25 . . 3 9 . . . . 2 3 10 3 Catastrophic 28 | . . 3 . 2 2 . 1 . . . . 2 9 . . 1 2 . . . . . 1 3 2 Database Lockouts 3 | . 1 1 . 1 . . . . . . . . . . . . . . . . . . . . . Manual 86 | . 13 27 . 11 12 . 2 . . . . 5 3 1 1 2 4 . . . . 2 . . 3 Terminals 169 | . 16 33 . 11 20 . 15 . . 1 . 4 35 1 . 4 7 . . . . . 4 18 . Fabricators 12 | . . . . . . . 5 . . 3 . 4 . . . . . . . . . . . . . Repair Stations 28 | . . 2 . 6 . . 2 . . . . 10 2 . . . 4 . . . . . . 2 . Recycling Units 34 | . . 11 . 6 4 . . . . . . 5 . . . . 3 . . . . 2 . . 3 Scanalyzers 8 | . . 1 . 5 . . . . . . . 1 . . . . . . . . . 1 . . . Garrison Access 2 | . . . . 1 . . . . . . . . . . . . . . . . . 1 . . . Terminal Hacks 72 | . 10 16 1 5 7 . 5 . . 1 . 2 12 1 . 1 1 . . 1 . . 1 8 . Part Schematic 3 | . 1 . . . . . . . . . . . 1 . . . . . . . . . . 1 . Robot Analysis 11 | . 5 3 . 2 . . 1 . . . . . . . . . . . . . . . . . . Prototype ID Bank 11 | . 2 4 . . 2 . 1 . . . . . 2 . . . . . . . . . . . . Open Door 12 | . . . 1 . . . . . . . . 1 7 1 . . . . . 1 . . . 1 . Open DSF 2 | . . . . . . . . . . 1 . 1 . . . . . . . . . . . . . Branch Access Points 3 | . . . . . 1 . 1 . . . . . . . . . . . . . . . 1 . . Emergency Access Points 2 | . . . . . . . 1 . . . . . . . . . . . . . . . . 1 . Terminal Index 1 | . . . . . 1 . . . . . . . . . . . . . . . . . . . . Fabricator Index 1 | . . . . . 1 . . . . . . . . . . . . . . . . . . . . Alert Level 4 | . . 1 . 1 1 . . . . . . . . . . . . . . . . . . 1 . Unreport Threat 7 | . . 2 . . 1 . 1 . . . . . 2 . . 1 . . . . . . . . . Reprogram Traps 1 | . 1 . . . . . . . . . . . . . . . . . . . . . . . . Dispatch Records 1 | . . 1 . . . . . . . . . . . . . . . . . . . . . . . Maintenance Status 2 | . . . . . . . . . . . . . . . . . 1 . . . . . . 1 . Security Status 1 | . . 1 . . . . . . . . . . . . . . . . . . . . . . . Transport Status 2 | . . 1 . 1 . . . . . . . . . . . . . . . . . . . . . Hauler Manifests 4 | . 1 2 . 1 . . . . . . . . . . . . . . . . . . . . . Registered Components 1 | . . 1 . . . . . . . . . . . . . . . . . . . . . . . Zone Layout 1 | . . . . . . . . . . . . . . . . . . . . . . . . 1 . Protovariant Controls 2 | . . . . . . . . . . . . . . . . . . . . . . . . 2 . Fabricator Hacks 9 | . . . . . . . 4 . . 2 . 3 . . . . . . . . . . . . . Network Status 1 | . . . . . . . . . . . . 1 . . . . . . . . . . . . . Load Schematic 4 | . . . . . . . 2 . . 1 . 1 . . . . . . . . . . . . . Build 4 | . . . . . . . 2 . . 1 . 1 . . . . . . . . . . . . . Repair Station Hacks 25 | . . 2 . 5 . . 2 . . . . 10 . . . . 4 . . . . . . 2 . Scan Component 13 | . . 1 . 3 . . 1 . . . . 5 . . . . 2 . . . . . . 1 . Repair 12 | . . 1 . 2 . . 1 . . . . 5 . . . . 2 . . . . . . 1 . Recycling Unit Hacks 3 | . . 1 . 1 . . . . . . . 1 . . . . . . . . . . . . . Retrieve Components 3 | . . 1 . 1 . . . . . . . 1 . . . . . . . . . . . . . Scanalyzer 6 | . . 1 . 5 . . . . . . . . . . . . . . . . . . . . . Insert Component 3 | . . 1 . 2 . . . . . . . . . . . . . . . . . . . . . Analyze 3 | . . . . 3 . . . . . . . . . . . . . . . . . . . . . Garrison Access Hacks 2 | . . . . 1 . . . . . . . . . . . . . . . . . 1 . . . Seal Access 2 | . . . . 1 . . . . . . . . . . . . . . . . . 1 . . . Unauthorized Hacks 20 | . . 9 . 4 3 . . . . . . 3 . . . . . . . . . 1 . . . Terminals 4 | . . 3 . . 1 . . . . . . . . . . . . . . . . . . . . Track 1 | . . 1 . . . . . . . . . . . . . . . . . . . . . . . Botnet 3 | . . 2 . . 1 . . . . . . . . . . . . . . . . . . . . Fabricators . | . . . . . . . . . . . . . . . . . . . . . . . . . . Repair Stations . | . . . . . . . . . . . . . . . . . . . . . . . . . . Recycling Units 16 | . . 6 . 4 2 . . . . . . 3 . . . . . . . . . 1 . . . Monitor 1 | . . . . 1 . . . . . . . . . . . . . . . . . . . . . Reject 5 | . . 2 . 1 1 . . . . . . 1 . . . . . . . . . . . . . Recyclers 4 | . . 2 . 1 . . . . . . . 1 . . . . . . . . . . . . . Mask 6 | . . 2 . 1 1 . . . . . . 1 . . . . . . . . . 1 . . . Scanalyzers . | . . . . . . . . . . . . . . . . . . . . . . . . . . Garrison Access . | . . . . . . . . . . . . . . . . . . . . . . . . . . Data Cores Recovered 2 | . . 1 . . . . . . . . . 1 . . . . . . . . . . . . . Used . | . . . . . . . . . . . . . . . . . . . . . . . . . . Hacking Detections 76 | . 5 10 . 6 10 . 7 . . 1 . 6 14 1 . 1 5 . . . . 2 1 6 1 Full Trace Events 21 | . 1 3 . 3 2 . 3 . . 1 . . 4 . . 1 2 . . . . . . 1 . Feedback Events 2 | . . . . . 1 . . . . . . . 1 . . . . . . . . . . . . Corruption 2 | . . . . . 1 . . . . . . . 1 . . . . . . . . . . . . Feedback Blocked . | . . . . . . . . . . . . . . . . . . . . . . . . . . Robot Schematics Acquired 3 | . . . . . . . . . . . . . . . . . . . . . . . . 3 . Robots Built . | . . . . . . . . . . . . . . . . . . . . . . . . . . Authchips . | . . . . . . . . . . . . . . . . . . . . . . . . . . Time . | . . . . . . . . . . . . . . . . . . . . . . . . . . Total Robot Build Rating . | . . . . . . . . . . . . . . . . . . . . . . . . . . Part Schematics Acquired 10 | . 1 . . 2 . . . . . . . . 1 . . . . . . . . . . 6 . Parts Built 5 | . . . . . . . 3 . . 1 . 1 . . . . . . . . . . . . . Authchips 1 | . . . . . . . . . . . . 1 . . . . . . . . . . . . . Time 173 | . . . . . . . 98 . . 51 . 24 . . . . . . . . . . . . . Total Part Build Rating 11 | . . . . . . . 7 . . 1 . 3 . . . . . . . . . . . . . Parts Repaired 12 | . . 1 . 2 . . 1 . . . . 5 . . . . 2 . . . . . . 1 . Time 583 | . . 26 . 89 . . 44 . . . . 244 . . . . 124 . . . . . . 56 . Parts Recycled . | . . . . . . . . . . . . . . . . . . . . . . . . . . Recycled Matter . | . . . . . . . . . . . . . . . . . . . . . . . . . . Retrieved Matter . | . . . . . . . . . . . . . . . . . . . . . . . . . . Retrieved Components 12 | . . 9 . 3 . . . . . . . . . . . . . . . . . . . . . Parts Scanalyzed 2 | . . . . 2 . . . . . . . . . . . . . . . . . . . . . Part Schematics Acquired 2 | . . . . 2 . . . . . . . . . . . . . . . . . . . . . Parts Damaged . | . . . . . . . . . . . . . . . . . . . . . . . . . . Bothacking | -11 -10 -9 -9 -8 -7 -7 -7 -7 -7 -6 -6 -5 -5 -5 -5 -5 -4 -4 -4 -4 -3 -3 -2 -2 -1 ------------ Run | Scr Mat Mat Min Mat Fac Was Fac Low Low Fac DSF Fac Ext Cet Arc Hub Fac Upp Upp War Pro Res Res Tes Acc Used RIF Installer . | . . . . . . . . . . . . . . . . . . . . . . . . . . Robots Hacked . | . . . . . . . . . . . . . . . . . . . . . . . . . . Non-combat . | . . . . . . . . . . . . . . . . . . . . . . . . . . Combat . | . . . . . . . . . . . . . . . . . . . . . . . . . . Robot Hacks Applied . | . . . . . . . . . . . . . . . . . . . . . . . . . . Relay Couplers Released 4 | . . . . 3 . . . . . . . . . . . . . . . . . . 1 . . Machine Destruction 4 | . . . . 3 . . . . . . . . . . . . . . . . . . 1 . . Fabnet Peak Effective % . | . . . . . . . . . . . . . . . . . . . . . . . . . . Robots Rewired 9 | . . . . . . . . . . . . . 4 . . . . . . 5 . . . . . Allies Hacked . | . . . . . . . . . . . . . . . . . . . . . . . . . . Hacks Repelled . | . . . . . . . . . . . . . . . . . . . . . . . . . . Allies | -11 -10 -9 -9 -8 -7 -7 -7 -7 -7 -6 -6 -5 -5 -5 -5 -5 -4 -4 -4 -4 -3 -3 -2 -2 -1 -------- Run | Scr Mat Mat Min Mat Fac Was Fac Low Low Fac DSF Fac Ext Cet Arc Hub Fac Upp Upp War Pro Res Res Tes Acc Total Allies 26 | . . . . . . 1 . . 1 . . . 16 3 . . . . . 5 . . . . . Largest Group 9 | . . . . . . 1 . . 1 . . . 9 8 6 3 . . . 5 2 . . . . Highest-Rated Group 531 | . . . . . . 31 . . 165 . . . 409 531 475 231 . . . 298 130 . . . . Highest-Rated Ally 165 | . . . . . . 31 . . 165 . . . 159 151 142 96 . . . 65 65 . . . . Total Orders 10 | . . . . . . . . . . . . 2 . . . . . . . . . 4 . . 4 EXPLORE 8 | . . . . . . . . . . . . 2 . . . . . . . . . 2 . . 4 RETURN 2 | . . . . . . . . . . . . . . . . . . . . . . 2 . . . Ally Attacks 398 | . . . . . 14 26 . . 4 . . . 182 88 24 29 . . . 31 . . . . . Total Damage 8369 | . . . . . . 415 . . 105 . . . 3281 1935 435 616 . . . 1582 . . . . . Kills 53 | . . . . . . . . . 3 . . . 25 12 3 6 . . . 4 . . . . . Allies Corrupted . | . . . . . . . . . . . . . . . . . . . . . . . . . . Allies Melted 1 | . . . . . . . . . . . . . . . . . . . . 1 . . . . . Intel | -11 -10 -9 -9 -8 -7 -7 -7 -7 -7 -6 -6 -5 -5 -5 -5 -5 -4 -4 -4 -4 -3 -3 -2 -2 -1 ------- Run | Scr Mat Mat Min Mat Fac Was Fac Low Low Fac DSF Fac Ext Cet Arc Hub Fac Upp Upp War Pro Res Res Tes Acc Robot Analysis Total 11 | . 5 3 . 2 . . 1 . . . . . . . . . . . . . . . . . . Derelict Logs Recovered 7 | . . . 3 . . . . 1 1 . . . . . . . . 2 . . . . . . . Drone Launches 24 | . . . . . 16 . . . . . . 2 . . . . . . . . . 2 . . 4 Drone Recoveries 6 | . . . . . . . . . . . . . . . . . . . . . . 2 . . 4 Exploration | -11 -10 -9 -9 -8 -7 -7 -7 -7 -7 -6 -6 -5 -5 -5 -5 -5 -4 -4 -4 -4 -3 -3 -2 -2 -1 ------------- Run | Scr Mat Mat Min Mat Fac Was Fac Low Low Fac DSF Fac Ext Cet Arc Hub Fac Upp Upp War Pro Res Res Tes Acc Turns Passed 33101 | 39 1174 3317 1473 3530 1687 189 1833 864 344 283 355 2484 1993 447 792 278 1835 1074 848 1714 1670 861 1299 1915 803 Spaces Moved 12549 | 16 496 1177 583 1459 725 140 1078 440 170 164 134 885 767 164 233 104 532 376 257 629 602 296 463 494 165 Core 261 | . . . . . . 91 144 . . . . . . . . . . . . . . . . . 26 Treads 6808 | . 486 1147 583 1459 725 49 23 . . . . . . . 132 . 144 7 . 59 602 296 463 494 139 Legs 56 | 16 10 30 . . . . . . . . . . . . . . . . . . . . . . . Wheels 5309 | . . . . . . . 796 440 170 164 134 885 767 164 101 104 388 369 257 570 . . . . . Hover 115 | . . . . . . . 115 . . . . . . . . . . . . . . . . . . Flight . | . . . . . . . . . . . . . . . . . . . . . . . . . . Fastest Speed 46 | 120 120 160 240 152 152 50 46 165 165 140 170 190 220 205 205 205 185 245 310 210 249 249 254 243 50 Average Speed 205 | 120 205 220 240 159 184 89 121 192 172 156 175 204 220 219 229 205 213 260 310 224 249 250 262 268 218 Slowest Speed 485 | 120 240 240 240 240 245 162 392 195 210 210 205 205 220 220 320 205 245 485 310 335 249 254 275 275 385 Overloaded Moves . | . . . . . . . . . . . . . . . . . . . . . . . . . . Propulsion Burnouts . | . . . . . . . . . . . . . . . . . . . . . . . . . . Robots Hopped . | . . . . . . . . . . . . . . . . . . . . . . . . . . Cave-ins Triggered 1 | . . . . . . . . . . . . . . . . . 1 . . . . . . . . Exploration Rate (%) 52 | 2 92 83 99 72 23 95 28 70 32 5 93 28 87 85 88 20 12 52 47 74 75 12 12 70 10 Regions Visited 25 Branch Regions 12 Pre-discovered Areas 3 | . . . 2 . . . . . 1 . . . . . . . . . . . . . . . . Known Exits Taken 4 | . . . . 1 . . 1 . . 1 . . . . . . . . . . . . 1 . . Unknown Exits Taken 18 | 1 1 1 1 . . . . 1 1 . . 1 1 1 1 1 1 1 1 1 1 1 . 1 . Scrap Searched 11 | . . . 1 . . . . 4 . . . . . . . . . . 2 . 4 . . . . Spaces Dug 116 | . . . . 15 4 . 10 . . 4 4 15 . . . 3 29 . 6 2 7 3 1 7 6 Terrain Destroyed 2105 | . . 58 . 140 60 98 132 1 10 4 18 52 61 4 20 183 622 25 11 31 33 3 1 285 253 Melee 62 | . . . . . 4 . 7 . . 4 4 15 . . . 3 4 . 6 2 1 1 1 7 3 Projectile 383 | . . 1 . 14 . . 11 1 4 . . 21 50 4 20 8 82 25 5 29 32 2 . 46 28 AOE 1660 | . . 57 . 126 56 98 114 . 6 . 14 16 11 . . 172 536 . . . . . . 232 222 Terrain Rammed . | . . . . . . . . . . . . . . . . . . . . . . . . . . Walls Destroyed . | . . . . . . . . . . . . . . . . . . . . . . . . . . Machines Disabled . | . . . . . . . . . . . . . . . . . . . . . . . . . . Actions | -11 -10 -9 -9 -8 -7 -7 -7 -7 -7 -6 -6 -5 -5 -5 -5 -5 -4 -4 -4 -4 -3 -3 -2 -2 -1 --------- Run | Scr Mat Mat Min Mat Fac Was Fac Low Low Fac DSF Fac Ext Cet Arc Hub Fac Upp Upp War Pro Res Res Tes Acc Total 17343 | 23 579 1642 617 2340 955 165 1434 451 196 183 197 1408 940 242 445 134 961 428 280 863 688 385 551 821 415 Wait 1896 | . 3 194 2 568 64 . 127 . 10 . . 345 36 34 114 1 188 10 . 10 15 33 25 103 14 Move 12526 | 15 495 1176 582 1458 725 139 1077 439 169 163 133 884 766 163 232 104 531 375 256 628 601 295 462 493 165 Hop . | . . . . . . . . . . . . . . . . . . . . . . . . . . Pick Up 331 | 1 19 37 3 18 17 1 52 4 1 3 16 20 11 13 3 1 23 5 6 23 6 9 8 19 12 Fast Attach 161 | 1 1 7 1 13 7 1 17 3 1 2 1 12 5 1 12 . 6 2 . 19 5 7 17 14 6 Attach 178 | . 3 7 . 7 16 3 20 2 . 4 5 11 1 4 1 3 23 5 . 3 4 3 . 15 38 Detach 39 | . . 1 . 1 3 . 1 . . 2 . 1 1 . 3 . 1 1 . 5 1 . 2 4 12 Swap 254 | . 5 25 2 56 23 1 14 . 1 2 5 14 6 1 2 2 25 1 3 5 4 3 2 35 17 Drop 344 | . 11 42 5 37 16 2 26 1 1 2 7 25 13 15 11 3 7 2 . 40 7 15 31 19 6 Fire 1273 | 6 41 153 22 173 70 18 66 2 13 . 22 53 69 11 67 17 150 24 8 33 44 15 1 98 97 Melee 130 | . . . . 9 11 . 19 . . 5 8 27 2 . . 3 7 3 7 2 1 5 3 14 4 Ram 4 | . . . . . . . 4 . . . . . . . . . . . . . . . . . . Kick . | . . . . . . . . . . . . . . . . . . . . . . . . . . Crush 23 | . 1 . . . 3 . 11 . . . . . . . . . . . . . . . . 7 1 Escape Stasis 67 | . . . . . . . . . . . . 16 8 . . . . . . . . . . . 43 Rewire 117 | . . . . . . . . . . . . . 22 . . . . . . 95 . . . . . Trap . | . . . . . . . . . . . . . . . . . . . . . . . . . . Miscellaneous . | . . . . . . . . . . . . . . . . . . . . . . . . . . Route ------- -11/Scrapyard -10/Materials (discovered 5 exits: *Mat x3 / [*Min x2]) -9/Materials (discovered 5 exits: *Mat x3 / *Min / [*Sto]) -9/Mines (discovered 2 exits: *Mat x2) -8/Materials (discovered 2 exits: *Fac x2) -7/Factory (discovered 4 exits: *Fac x2 / Low x2) -7/Waste -7/Factory (discovered 2 exits: *Low x2) -7/Lower Caves -7/Lower Caves (discovered 2 exits: *Fac x2) -6/Factory -6/DSF -5/Factory (discovered 5 exits: *Fac x3 / *Upp / *Ext) -5/Extension (discovered 2 exits: *Fac / *Cet) -5/Cetus (discovered 2 exits: *Fac / *Arc) -5/Archives (discovered 3 exits: *Fac / *Hub x2) -5/Hub_04(d) -4/Factory -4/Upper Caves -4/Upper Caves -4/Warlord -3/Proximity Caves -3/Research -2/Research (discovered 2 exits: *Tes x2) -2/Testing -1/Access History --------- Turn | Location | Event 20 | -11/Scrapyard | Discovered new exit (range 3) 40 | -11/Scrapyard | Entered Materials 179 | -10/Materials | Discovered new exit (range 16) 308 | -10/Materials | Build established: Mutant 328 | -10/Materials | Discovered new exit (range 14) 478 | -10/Materials | Discovered new exit (range 16) 487 | -10/Materials | Central database locked down 830 | -10/Materials | Discovered new exit (range 8) 1160 | -10/Materials | Discovered new exit (range 14) 1214 | -10/Materials | Entered another Materials area 1214 | -9/Materials | Evolved 2 slots: Propulsion x1, Utility x1 1310 | -9/Materials | Repaired Lgt. Cannon 2158 | -9/Materials | Discovered new exit (range 16) 2302 | -9/Materials | Discovered new exit (range 14) 2775 | -9/Materials | Discovered new exit (range 8) 3106 | -9/Materials | Destroyed 10 combat bots 3205 | -9/Materials | Central database locked down 3214 | -9/Materials | First assault squad dispatched 3480 | -9/Materials | Discovered new exit (range 16) 3850 | -9/Materials | Discovered new exit (range 16) 4115 | -9/Materials | Sterilization system engaged 4115 | -9/Materials | Non-combat units ordered to evacuate 4215 | -9/Materials | Combat units ordered to evacuate 4415 | -9/Materials | Ambient heat levels rising (+10) 4531 | -9/Materials | Entered Mines 4578 | -9/Mines | Discovered new exit (range 8) 4626 | -9/Mines | Learned location of Zion (-6) 5218 | -9/Mines | Discovered new exit (range 11) 5346 | -9/Mines | Learned location of 1 exit from Materials 5361 | -9/Mines | Found the Drone Emporium 5394 | -9/Mines | Found Prototype Device 5655 | -9/Mines | Build established: Scavenger-Mutant 6004 | -9/Mines | Entered Materials 6004 | -8/Materials | Evolved 2 slots: Propulsion x1, Utility x1 6005 | -8/Materials | Identified exit to Factory 6354 | -8/Materials | Repaired Hvy. Ion Engine? 7188 | -8/Materials | Central database locked down 7197 | -8/Materials | Discovered exit to Factory (range 13) 7612 | -8/Materials | Repaired Shock Bomb Launcher 8004 | -8/Materials | First assault squad dispatched 9292 | -8/Materials | Destroyed 10 combat bots 9408 | -8/Materials | Sterilization system engaged 9408 | -8/Materials | Non-combat units ordered to evacuate 9508 | -8/Materials | Combat units ordered to evacuate 9534 | -8/Materials | Entered Factory 9534 | -7/Factory | Evolved 2 slots: Utility x1, Weapon x1 9594 | -7/Factory | Identified exit to Lower Caves 9752 | -7/Factory | Identified Bomb Drone Bay 10160 | -7/Factory | Discovered new exit (range 15) 10734 | -7/Factory | First assault squad dispatched 10770 | -7/Factory | Discovered new exit (range 4) 10893 | -7/Factory | System corruption reached 10% 10901 | -7/Factory | Build established: Mutant 10923 | -7/Factory | Lost 4 parts (1p1n1u1w) 10924 | -7/Factory | Destroyed 7 combat bots 11052 | -7/Factory | Found Prototype Launcher 11090 | -7/Factory | Lost 6 parts (3n2u1w) 11221 | -7/Factory | Sucked down chute 11221 | -7/Factory | Entered Waste 11222 | -7/Waste | Met a frightened Derelict 11236 | -7/Waste | EMP discharged 11237 | -7/Waste | Spotted C-40 Crusher 11248 | -7/Waste | Destroyed C-40 Crusher 11272 | -7/Waste | Spotted C-40 Crusher 11280 | -7/Waste | Spotted C-40 Crusher 11283 | -7/Waste | Destroyed C-40 Crusher 11286 | -7/Waste | Spotted C-40 Crusher 11293 | -7/Waste | Destroyed C-40 Crusher 11296 | -7/Waste | Destroyed C-40 Crusher 11320 | -7/Waste | 2 allies followed down the chute 11332 | -7/Waste | Spotted C-40 Crusher 11336 | -7/Waste | EMP discharged 11354 | -7/Waste | Crushed by Compactor (1 part destroyed, 1 dropped) 11357 | -7/Waste | Crushed by Compactor (0 parts destroyed, 1 dropped) 11357 | -7/Waste | Identified Rocket Array 11360 | -7/Waste | Crushed by Compactor (1 part destroyed) 11361 | -7/Waste | Released all parts (2) 11370 | -7/Waste | Spotted C-40 Crusher 11391 | -7/Waste | Lost 8 parts (3n2u3w) 11399 | -7/Waste | Discovered new exit (range 11) 11410 | -7/Waste | Entered Factory 11472 | -7/Factory | Fabricated Cargo Storage Unit (x1) 11872 | -7/Factory | Repaired Rnf. Deuterium Engine 12285 | -7/Factory | Build established: Hauler-Mutant 12498 | -7/Factory | Fabricated Adv. Treads? 12687 | -7/Factory | Found Rocket Array 12997 | -7/Factory | Cargo convoy interrupted 13030 | -7/Factory | System corruption reached 30% 13070 | -7/Factory | Lost 3 parts (1p1n1u) 13184 | -7/Factory | Core integrity fell below 50% 13193 | -7/Factory | Found Prototype Protection 13216 | -7/Factory | Found Prototype Launcher 13243 | -7/Factory | Entered Lower Caves 13244 | -7/Lower Caves | Encountered a Warlord checkpoint 13266 | -7/Lower Caves | Lost 12 parts (1p2n5u4w) 14007 | -7/Lower Caves | Discovered new exit (range 15) 14107 | -7/Lower Caves | Entered another Lower Caves area 14228 | -7/Lower Caves | Discovered new exit (range 12) 14401 | -7/Lower Caves | ME-RLN showed up to help 14403 | -7/Lower Caves | ME-RLN revealed a hidden path 14451 | -7/Lower Caves | Entered Factory 14451 | -6/Factory | Evolved 2 slots: Utility x2 14638 | -6/Factory | Fabricated Cargo Storage Unit? 14723 | -6/Factory | Identified Active Cooling Armor 14734 | -6/Factory | Identified exit to DSF 14734 | -6/Factory | Entered DSF 14748 | -6/DSF | Discovered new exit (range 21) 14780 | -6/DSF | Additional patrols routed to DSF 14993 | -6/DSF | Sterilization system engaged 15013 | -6/DSF | Ambient heat levels rising (+10) 15028 | -6/DSF | Ambient heat levels rising (+10) 15043 | -6/DSF | Ambient heat levels rising (+10) 15046 | -6/DSF | Lost 5 parts (1p2n2w) 15058 | -6/DSF | Ambient heat levels rising (+10) 15073 | -6/DSF | Ambient heat levels rising (+10) 15088 | -6/DSF | Ambient heat levels rising (+10) 15089 | -6/DSF | Entered Factory 15089 | -5/Factory | Evolved 2 slots: Power x1, Utility x1 15090 | -5/Factory | Identified exit to Upper Caves 15227 | -5/Factory | Repaired Adv. Treads 15294 | -5/Factory | Repaired Med. Reactive Plating 15339 | -5/Factory | Repaired Arm. Huge Wheel 15664 | -5/Factory | Identified Scatter Rocket Array 16229 | -5/Factory | Discovered new exit (range 4) 16536 | -5/Factory | Discovered new exit (range 20) 16698 | -5/Factory | Build established: Hauler-Tank 16700 | -5/Factory | Repaired F-cell Engine 16902 | -5/Factory | Discovered new exit (range 14) 16930 | -5/Factory | Repaired Adv. Treads 17005 | -5/Factory | Build established: Hauler-Mutant 17170 | -5/Factory | Fabricated Shock Bomb Launcher? 17567 | -5/Factory | Discovered new exit (range 5) 17573 | -5/Factory | Entered Extension 17879 | -5/Extension | Build established: Hauler-Tank 18189 | -5/Extension | Spotted B-75 Beast 18572 | -5/Extension | Rescued a captive Derelict 18572 | -5/Extension | Rescued a captive Derelict 18632 | -5/Extension | Rescued a captive Derelict 18633 | -5/Extension | Rescued a captive Derelict 18652 | -5/Extension | Rescued a captive Derelict 18931 | -5/Extension | Allies destroyed B-75 Beast 18943 | -5/Extension | Spotted B-75 Beast 18965 | -5/Extension | Destroyed B-75 Beast 19023 | -5/Extension | Disrupted transfer network 19079 | -5/Extension | Rescued A7 19296 | -5/Extension | Rescued a captive Derelict 19313 | -5/Extension | Rescued a captive Derelict 19314 | -5/Extension | Rescued a captive Derelict 19339 | -5/Extension | Rescued a captive Derelict 19393 | -5/Extension | Build established: Hauler-Mutant 19457 | -5/Extension | Rescued a captive Derelict 19458 | -5/Extension | Rescued a captive Derelict 19534 | -5/Extension | Discovered new exit (range 10) 19536 | -5/Extension | Discovered new exit (range 6) 19566 | -5/Extension | Entered Cetus 19566 | -5/Cetus | Accompanied by 8 allies (A7) 19571 | -5/Cetus | Acquired a Cetus Manufacturing Module code from A7 19586 | -5/Cetus | Spotted Cetus Guard 19588 | -5/Cetus | Spotted Cetus Guard 19591 | -5/Cetus | Spotted Cetus Guard 19593 | -5/Cetus | Spotted Cetus Guard 19610 | -5/Cetus | Allies destroyed Cetus Guard 19610 | -5/Cetus | Destroyed Cetus Guard 19613 | -5/Cetus | Destroyed Cetus Guard 19621 | -5/Cetus | Allies destroyed Cetus Guard 19719 | -5/Cetus | Started Cetus Manufacturing Module 19734 | -5/Cetus | Escorted A7 to Cetus Mainframe 19744 | -5/Cetus | Manufactured an Enhanced Grunt 19769 | -5/Cetus | Manufactured an Enhanced Grunt 19794 | -5/Cetus | Manufactured an Enhanced Grunt 19796 | -5/Cetus | Cetus Manufacturing Module disabled 19806 | -5/Cetus | Discovered new exit (range 22) 19849 | -5/Cetus | Build established: Hauler-Tank 19850 | -5/Cetus | Spotted Cetus Guard 19852 | -5/Cetus | Spotted Cetus Guard 19855 | -5/Cetus | Spotted Cetus Guard 19855 | -5/Cetus | Spotted Cetus Guard 19859 | -5/Cetus | Discovered new exit (range 22) 19866 | -5/Cetus | Allies destroyed Cetus Guard 19868 | -5/Cetus | Allies destroyed Cetus Guard 19871 | -5/Cetus | Allies destroyed Cetus Guard 19879 | -5/Cetus | Allies destroyed Cetus Guard 19893 | -5/Cetus | Met Revision 17 20013 | -5/Cetus | Entered Archives 20013 | -5/Archives | Accompanied by 6 allies (A7) 20018 | -5/Archives | Received a hacking code to weaken MAIN.C 20070 | -5/Archives | Discovered new exit (range 21) 20120 | -5/Archives | Unable to access archive contents 20149 | -5/Archives | Discovered new exit (range 20) 20201 | -5/Archives | Discovered new exit (range 22) 20220 | -5/Archives | System corruption reached 10% 20451 | -5/Archives | Found Corrupted Prototype Device 20451 | -5/Archives | Identified Exp. Thermal Shield 20805 | -5/Archives | Entered Hub_04(d) 20805 | -5/Hub_04(d) | Accompanied by 3 allies 20978 | -5/Hub_04(d) | Discovered new exit (range 10) 21029 | -5/Hub_04(d) | Network Hub disabled 21083 | -5/Hub_04(d) | Entered Factory 21083 | -4/Factory | Evolved 2 slots: Propulsion x2 21237 | -4/Factory | Build established: Scavenger-Mutant 21305 | -4/Factory | Repaired Arm. Huge Wheel 21386 | -4/Factory | Repaired F-cell Engine 21516 | -4/Factory | Crushed by falling debris 21602 | -4/Factory | Discovered new exit (range 5) 21958 | -4/Factory | Destroyed 7 combat bots 22083 | -4/Factory | First assault squad dispatched 22240 | -4/Factory | Lost 3 parts (1p1n1w) 22243 | -4/Factory | Destroyed 14 combat bots 22566 | -4/Factory | Destroyed 8 combat bots 22695 | -4/Factory | Destroyed 11 combat bots 22747 | -4/Factory | High security lockdown imminent 22789 | -4/Factory | Destroyed 7 combat bots 22827 | -4/Factory | High security lockdown engaged 22841 | -4/Factory | Lost 11 parts (1p3n3u4w) 22851 | -4/Factory | System corruption reached 10% 22918 | -4/Factory | Entered Upper Caves 22940 | -4/Upper Caves | Learned Research interactive machine intel 22948 | -4/Upper Caves | Lost 4 parts (2n1u1w) 22971 | -4/Upper Caves | Spotted B-86 Titan 23080 | -4/Upper Caves | Encountered a Warlord checkpoint 23244 | -4/Upper Caves | Build established: Scavenger-Tank 23622 | -4/Upper Caves | Build established: Scavenger-Mutant 23661 | -4/Upper Caves | Discovered new exit (range 5) 23908 | -4/Upper Caves | Learned Research emergency access door positions 23992 | -4/Upper Caves | Entered another Upper Caves area 24740 | -4/Upper Caves | Spotted B-86 Titan 24772 | -4/Upper Caves | Discovered new exit (range 8) 24840 | -4/Upper Caves | Entered Warlord 24946 | -4/Warlord | System corruption cleaned by Quarantine Array 25692 | -4/Warlord | Visited the Vortex Lab 25701 | -4/Warlord | Warlord's base attacked by MAIN.C 25703 | -4/Warlord | Found Prototype Energy Gun 25706 | -4/Warlord | Found Prototype Energy Gun 25711 | -4/Warlord | Found Prototype Energy Cannon 25714 | -4/Warlord | Found Prototype Energy Cannon 25718 | -4/Warlord | Found Prototype Energy Cannon 25722 | -4/Warlord | Found Prototype Energy Cannon 26040 | -4/Warlord | Met Warlord 26051 | -4/Warlord | Warlord forces counterattacked 26091 | -4/Warlord | Found Prototype Device 26091 | -4/Warlord | Identified Thermal Barrier 26106 | -4/Warlord | Found Prototype Reactor 26106 | -4/Warlord | Identified Vortex Chain Reactor 26204 | -4/Warlord | Spotted Striker 26216 | -4/Warlord | Allies destroyed Striker 26216 | -4/Warlord | Spotted Executioner 26222 | -4/Warlord | Identified Vortex Driver (x2) 26228 | -4/Warlord | Destroyed Executioner 26262 | -4/Warlord | Spotted Striker 26288 | -4/Warlord | Spotted Executioner 26312 | -4/Warlord | Destroyed Executioner 26337 | -4/Warlord | Destroyed Executioner 26342 | -4/Warlord | Spotted Striker 26366 | -4/Warlord | Identified Vortex Cannon (x2) 26376 | -4/Warlord | Warlord base infiltrated, sounded retreat 26377 | -4/Warlord | Destroyed Striker 26417 | -4/Warlord | Destroyed 13 combat bots 26494 | -4/Warlord | Found Prototype Processor 26494 | -4/Warlord | Identified Exp. Targeting Computer 26509 | -4/Warlord | Discovered new exit (range 17) 26554 | -4/Warlord | Entered Proximity Caves 26554 | -3/Proximity Caves | Accompanied by 2 allies 26578 | -3/Proximity Caves | Build established: Scavenger-Tank 26942 | -3/Proximity Caves | Attracted the attention of an 0b10 checkpoint 26953 | -3/Proximity Caves | Identified Vortex Rifle (x2) 27340 | -3/Proximity Caves | Spotted B-86 Titan 28110 | -3/Proximity Caves | Discovered new exit (range 18) 28224 | -3/Proximity Caves | Entered Research 28224 | -3/Research | Evolved 2 slots: Utility x2 28226 | -3/Research | Loaded intel: 45 interactive machine locations 28443 | -3/Research | Spotted B-86 Titan 28842 | -3/Research | Found Gamma Bomb Array 28895 | -3/Research | Discovered new exit (range 36) 29085 | -3/Research | Entered another Research area 29085 | -2/Research | Warlord forces began assault on 0b10 29085 | -2/Research | Evolved 2 slots: Utility x2 29108 | -2/Research | Identified exit to Testing 29195 | -2/Research | Research machine network offline 29245 | -2/Research | Borebot progress halted 29291 | -2/Research | Borebot progress halted 29543 | -2/Research | Build established: Hauler-Mutant 29818 | -2/Research | Found Unknown Treads 29818 | -2/Research | Identified Megatreads 29855 | -2/Research | Found Prototype Device 29855 | -2/Research | Identified Vortex Field Projector 30043 | -2/Research | Borebot progress halted 30085 | -2/Research | Found Prototype Launcher 30085 | -2/Research | Identified Ragnarok Missile Launcher 30111 | -2/Research | Build established: Scavenger-Mutant 30384 | -2/Research | Entered Testing 30443 | -2/Testing | Found Prototype Energy Cannon 30639 | -2/Testing | Found Prototype Energy Cannon 30639 | -2/Testing | Identified Disintegrator 30713 | -2/Testing | Spotted Alpha 7 31030 | -2/Testing | Scanned by Researcher 31162 | -2/Testing | Protovariant out of control (PG-Z7NRLO6945) 31162 | -2/Testing | Unleashed a protovariant (PG-Z7NRLO6945) 31240 | -2/Testing | Build established: Scavenger-Tank 31279 | -2/Testing | Identified Null Cannon 31282 | -2/Testing | Found Prototype Energy Cannon 31459 | -2/Testing | Repaired Lyr. Heavy Armor Plating? 31489 | -2/Testing | System corruption reached 10% 31591 | -2/Testing | Build established: Hauler-Mutant 31924 | -2/Testing | First assault squad dispatched 31981 | -2/Testing | Destroyed 24 combat bots 31985 | -2/Testing | Found Corrupted Prototype Launcher 32005 | -2/Testing | Found Prototype Hackware 32040 | -2/Testing | Discovered new exit (range 15) 32172 | -2/Testing | Identified Containment Facilitator 32193 | -2/Testing | Lost 4 parts (1p3u) 32198 | -2/Testing | Destroyed 11 combat bots 32201 | -2/Testing | Found Prototype Protection 32201 | -2/Testing | Identified Med. Regenerative Plating 32205 | -2/Testing | Found Prototype Protection 32205 | -2/Testing | Identified SHELL Armor 32212 | -2/Testing | Found Prototype Protection 32212 | -2/Testing | Identified Lgt. Regenerative Plating 32216 | -2/Testing | Found Med. Regenerative Plating 32291 | -2/Testing | System corruption reached 30% 32299 | -2/Testing | Entered Access 32299 | -1/Access | Evolved 2 slots: Utility x1, Weapon x1 32575 | -1/Access | First assault squad dispatched 32679 | -1/Access | High security lockdown imminent 32759 | -1/Access | High security lockdown engaged 32771 | -1/Access | System corruption reached 10% 32815 | -1/Access | Identified Imp. Potential Cannon 32821 | -1/Access | Lost 11 parts (3n4u4w) 32854 | -1/Access | Destroyed 19 combat bots 32961 | -1/Access | Lost 9 parts (1p2n5u1w) 32964 | -1/Access | Destroyed 11 combat bots 33000 | -1/Access | Released all parts (8) 33029 | -1/Access | Lost 7 parts (1p2n3u1w) 33033 | -1/Access | Spotted Investigator 33060 | -1/Access | Destroyed Investigator 33066 | -1/Access | Core integrity fell below 50% 33071 | -1/Access | Identified Ghost Barrier 33093 | -1/Access | Core integrity fell below 20% 33102 | -1/Access | Destroyed by P-80 Master with Gamma Rifle Last Messages --------------- 33094_ FOT# TDXR9W U: A8H>LEEW9V1LW1M| 33094_ M-36 Artificer stasis bubble strength at 40. 33094_ Stasis bubble strength at 110. 33095_ M-36 Artificer stasis bubble strength at 30. 33095_ Stasis bubble strength at 104. 33096_ M-36 Artificer stasis bubble strength at 20. 33096_ Stasis bubble strength at 98. 33097_ M-36 Artificer stasis bubble strength at 10. 33097_ Stasis bubble strength at 92. 33098_ M-36 Artificer stasis bubble bursts. 33098_ Stasis bubble strength at 86. 33099_ Critical hit (Burn: +17). 33099_ Stasis bubble strength at 80. 33100_ Stasis bubble strength at 74. 33101_ P-80 Master resets G-73 Enforcer, system corruption cleaned. 33101_ Stasis bubble strength at 68. 33101_ Critical hit (Burn: +18). 33102_ Quantum Rifle tumbles out of recycling unit. [Achievement: Rambo] Map ----- +----------------------------------------------------+ | ???? #???????????? | | ???? #???????????? | | ???? #???????????? | | ??????####################+### #???????????? | | ????????????????# # #???????????? | | ????????????????# = # #???????????? | | ????????????????# # + ??????????? | | ????????????????# """"" # # ????????? | | ????????????????# """"" # #?? ??????? | | ????????????????# """"" # ############# | | ????????????????# """"" # | | ????????????????# """"" # | | ????????????????# # | | ????????????????# ] " % | | ????????????????# # | | ????????????????# # | | #####+###???????############## %%=% | | ?????????????????#######/##/####### | | #????????????????# =![*=[ #???# | | ##???????????????# *%!*% #???# | | ###?????????????# =!"" #???# | | ###?????????????# =! "" #???# | | ? # ##?????????????# = """" #???# | | ??? !## #???########### """" #???# | | ???## #=## ##??# !]ggg # """" #???# | | ???# ### # # #??# |* %@* """" #???# | | ???# ## ## #??# p [ R """" ##### | | ??# ## # ### ##?# gg # "" |/% | | ??### ## ## ### m"""# R R =##### | | ?#### # # # ## % # #???# | | ?# # # # # % % ##############???# | | ??# #%#### # k ###??????????????####### | | ??# # ##%% ########+# #??????????????????????? | | ??#### # ###?????????????????????? | | ???# # # % # #?????????????????????? | | ???## # * # #?????????????????????? | | ????# ## # #*#[ / ##?????????????????????? | | ????## # # #### #]=!!] ##??????????????????????? | | ?????# # ]! ! #???????????????????????? | | ?????# ! = #???????????????????????? | | ?????# %%% #???????????????????????? | | ?????# !! ##???????????????????????? | | ?????# " % #????????????????????????? | | ?????# ##%"= ##????????????????????????? | | ?????# #### # ????????????????????????? | | ?????# ##??# # ????????????????????????? | | ?????###########???# "# ???????????????????????? | | ???????????????????# "%#?????????????????????????? | | ???????????????????# "#?????????????????????????? | | ???????????????????# #?????????????????????????? | +----------------------------------------------------+ Best States ------------- Heat Dissipation 133 Coolant Potential 120 Energy Generation 70 Energy Capacity 1200 Matter Stores 300 Matter Capacity 300 Sight Range 23 Terrain Scan Range 16 Terrain Scan Density 10 Power Amplification 30 Additional Mass Support 9 Base Temperature (-) 200 Armor Coverage 3000 Resistance: KI 30 Resistance: TH 50 Core Shielding 30 Propulsion Shielding 66 Weapon Cycling 20 Evasion (%) 55 Targeting Accuracy 12 Core Analysis 6 Recoil Reduction 6 Matter Filtering 30 Particle Charging 30 Salvage Targeting 3 Offensive Hacking 24 Defensive Hacking 12 Authchip Count 5 Item Schematics ----------------- Cargo Storage Unit | -10/Materials | Hacked Shock Bomb Launcher | -8/Materials | Scanalyzed Adv. Treads | -8/Materials | Scanalyzed Linear Accelerator | -5/Extension | Hacked Enh. Nova Cannon | -2/Testing | Hacked Coolant Network | -2/Testing | Archive Electron Diverter | -2/Testing | Archive Cld. Q-thruster | -2/Testing | Archive Exp. Hacking Suite | -2/Testing | Archive Hvy. Tesla Rifle | -2/Testing | Archive Robot Schematics ------------------ G-73 Enforcer | -2/Testing | Archive G-67 Veteran | -2/Testing | Archive A-27 Freighter | -2/Testing | Archive Fabricated ------------ Cargo Storage Unit | x1 | -7/Factory Adv. Treads | x2 | -7/Factory Cargo Storage Unit | x1 | -6/Factory Shock Bomb Launcher | x1 | -5/Factory | Authchip Alien Tech Used ----------------- None Achievements -------------- Rambo Challenges ------------ None Game ------ Seed MatterPhasingPrototype Manual? 0 Play Time 07:53:15 Cumulative 621.7 hours Start 2022.04.13 @ 04:30:42 End 2022.04.15 @ 03:26:37 Sessions 19 Manual Loads 0 Difficulty Rogue Special Mode None Game No. 152 Rogue 121 Adventurer 31 Explorer 0 Win Type - Total 30 Types 25/0/2/3/0/0/0/0/0 Lore% 76 Gallery% 84 Achievement% 66 Wizard Run 0 Options --------- ASCII 0 Keyboard 0 Movement Arrows Keybinds 0 Fullscreen 1 Font 20/Terminus Map View 66x50 Tactical HUD 1 Map Filters NONE Filters NONE Steam 1 RUN: d3245110-d370-42dc-89d9-55a981037173